 Dungeon Crawl Stone Soup version 0.27.1-33-g824d729ab1 (webtiles) character file.

Game seed: 14615675499844723334

152 Atelerd the Digger (level 5, -1/31 HPs)
             Began as an Octopode Earth Elementalist on Dec 22, 2021.
             Slain by Grinder (6 damage)
             ... on level 3 of the Dungeon.
             The game lasted 00:01:48 (3017 turns).

Atelerd the Digger (Octopode Earth Elementalist)    Turns: 3017, Time: 00:01:49

Health: -1/31      AC:  1    Str:  7    XL:     5   Next: 34%
Magic:  3/9        EV: 17    Int: 18    God:
Gold:   104        SH:  0    Dex: 13    Spells: 5/10 levels left

rFire    . . .     SeeInvis .   d - +0 short sword (venom)
rCold    . . .     Faith    .   (no shield)
rNeg     . . .     Spirit   .   (helmet restricted)
rPois    .         Reflect  .   g - amulet of the acrobat
rElec    .         Harm     .   o - +4 ring of evasion
rCorr    .         Rampage  .   (no ring)
Will     .....                  (no ring)
Stlth    +++.......             (no ring)
HPRegen  0.10/turn              (no ring)
MPRegen  0.11/turn              (no ring)
                                (no ring)
                                (no ring)

@: very slightly contaminated
A: almost no armour, amphibious, 8 rings, camouflage 1, gelatinous body 1,
(nimble swimmer 1), tentacles
a: no special abilities


You were on level 3 of the Dungeon.
You visited 1 branch of the dungeon, and saw 3 of its levels.

You collected 104 gold pieces.

Inventory:

Hand Weapons
 a - a +0 dagger
 d - a +0 short sword of venom (weapon)
Missiles
 b - 47 stones
Jewellery
 g - an amulet of the acrobat (around mantle)
 o - a +4 ring of evasion (left tentacle)
Scrolls
 c - a scroll of amnesia {unknown}
 h - a scroll of vulnerability {unknown}
 k - 2 scrolls of identify {unknown}
 l - a scroll of fear {unknown}
 n - a scroll of teleportation {unknown}
 p - a scroll of fog {unknown}
Potions
 e - 2 potions of curing {unknown}
 f - a potion of mutation {unknown}
 i - a potion of heal wounds {unknown}
 j - a potion of cancellation {unknown}
 m - a potion of degeneration {unknown}


   Skills:
 - Level 2.0 Dodging
 - Level 2.6 Stealth
 + Level 3.2 Spellcasting
 + Level 2.9 Transmutations
 + Level 4.1 Earth Magic


You had 5 spell levels left.
You knew the following spells:

 Your Spells              Type           Power      Damage    Failure   Level
a - Sandblast             Erth           34%        2d9       3%          1
p - Petrify               Tmut/Erth      15%        N/A       36%         4

Your spell library contained the following spells:

 Spells                   Type           Power      Damage    Failure   Level
 Passwall                 Tmut/Erth      12%        N/A       5%          2
 Freeze                   Ice            8%         1d3       16%         1
 Stone Arrow              Conj/Erth      20%        3d8       21%         3
 Frozen Ramparts          Ice            4%         1d2       43%         3
 Hailstorm                Conj/Ice       2%         3d3       85%         4


Dungeon Overview and Level Annotations

Branches:
Dungeon (3/15)

Altars:

Annotations:
D:3 Grinder


Innate Abilities, Weirdness & Mutations

You cannot wear most types of armour.
You are amphibious.
You can wear up to eight rings at the same time.
Your skin changes colour to match your surroundings (Stealth+).
Your rubbery body absorbs attacks. (AC +1, EV +1)
((You are camouflaged near water. (Stealth+)))
You have tentacles for arms and can constrict up to eight enemies at once.


Message History

The blast of sand hits Grinder.
Grinder is lightly wounded.
Grinder is nearby!
Grinder misses you.
You miscast Sandblast.
You are very lightly contaminated with residual magic.
Nothing appears to happen.
Grinder completely misses you.
Grinder is nearby!
You hit Grinder but do no damage.
Grinder is poisoned.
You grab Grinder. You squeeze Grinder.
Grinder is lightly wounded.
You constrict Grinder. Grinder hits you.
You writhe in agony.
Unknown command.
Casting: Sandblast (safe; 3% risk of failure)
Confirm with . or Enter, or press ? or * to list all spells.
Aiming: Sandblast (safe; 3% risk of failure)
Press: ? - help, Shift-Dir - straight line, f/p - Grinder
Aim: Grinder (lightly wounded, constricted by you, very poisoned, 98% to hit)
The blast of sand hits Grinder.
Grinder is moderately wounded.
You constrict Grinder. Grinder closely misses you.
Casting: Sandblast (safe; 3% risk of failure)
Confirm with . or Enter, or press ? or * to list all spells.
Aiming: Sandblast (safe; 3% risk of failure)
Press: ? - help, Shift-Dir - straight line, f/p - Grinder
Aim: Grinder (moderately wounded, constricted by you, very poisoned, 98% to hit)
The blast of sand hits Grinder.
Grinder is moderately wounded.
You constrict Grinder. Grinder hits you.
Casting: Sandblast (safe; 3% risk of failure)
Confirm with . or Enter, or press ? or * to list all spells.
Aiming: Sandblast (safe; 3% risk of failure)
Press: ? - help, Shift-Dir - straight line, f/p - Grinder
Aim: Grinder (moderately wounded, constricted by you, very poisoned, 98% to hit)
The blast of sand hits Grinder.
Grinder is heavily wounded.
You constrict Grinder. Grinder hits you!
* * * LOW HITPOINT WARNING * * *
You writhe in agony.
You die...

# ##.# # #..# ... #
#.## #.##.# #
#.#######.#.##.# #
#.........#.##.# #
#.#########.##.# # #.#
#.##.# # #.# #.##5# .#
# #.# #.##@# .#
###.#########<##.# .#
..............##.# .#
###########..###)#
######.# #..###.#
#......
#......####.#.#.#######
##............>........
##########.#.#.#######
#.....#


You could see Grinder (very poisoned).

Vanquished Creatures
  An ogre (D:2)
  A dart slug (D:2)
  An orc (D:3)
  6 endoplasms
  A giant cockroach (D:1)
  5 goblins
  10 hobgoblins
  3 jackals (D:1)
  3 quokkas
  6 ball pythons
  6 bats
  4 frilled lizards
  6 kobolds
  6 rats
59 creatures vanquished.

Notes
Turn   | Place    | Note
-------+----------+-------------------------------------------
     0 | D:1      | Atelerd the Octopode Earth Elementalist began the quest for
                  | the Orb.
     0 | D:1      | Reached XP level 1. HP: 11/11 MP: 3/3
   103 | D:1      | Reached XP level 2. HP: 4/17 MP: 0/5
   742 | D:1      | Reached XP level 3. HP: 21/21 MP: 3/6
  1466 | D:2      | Noticed an ogre
  1495 | D:2      | Killed an ogre
  1496 | D:2      | Reached skill level 4 in Earth Magic
  1496 | D:2      | Reached XP level 4. HP: 7/27 MP: 5/8
  1496 | D:2      | Reached XP level 5. HP: 8/31 MP: 5/9
  2347 | D:2      | Learned a level 4 spell: Petrify
  3000 | D:3      | Noticed Grinder
  3017 | D:3      | Slain by Grinder

Illustrated notes

Levels and vault maps discovered:
D:1:      lightli_arrival_flooded_house, layout_loops_ring
D:2:      layout_loops_ring, minmay_fountain_box
D:3:      layout_loops_ring, uniq_grinder

Skill      XL: |  1  2  3 |
---------------+----------+-----
Transmutations | 2 |  2.9
Spellcasting   | 3 |  3.2
Earth Magic    | 4 |  4.1
Dodging        | |  2.0
Stealth        | |  2.6

Action                   |  1- 3 |  4- 6 || total
-------------------------+-------+-------++-------
Melee: Tentacles         |     9 |     1 ||    10
       Unarmed           |     2 |       ||     2
       Constrict         |     8 |     3 ||    11
       Dagger            |     3 |       ||     3
       Short sword       |    27 |     9 ||    36
 Cast: Sandblast         |    25 |    28 ||    53
 Stab: Sleeping          |     9 |       ||     9
Armor: Skin              |     4 |     1 ||     5
Dodge: Dodged            |    21 |     9 ||    30
